 Dungeon Crawl Stone Soup version 0.31-a0-744-gbc345e7 (webtiles) character file.

Game seed: 453779969042063515

102 BarneyGumball the Digger (level 4, -3/24 HPs)
             Began as a Deep Elf Earth Elementalist on Sept 13, 2023.
             Slain by an orc
             ... wielding a +0 flail
              (7 damage)
             ... on level 3 of the Dungeon.
             The game lasted 00:04:28 (2019 turns).

BarneyGumball the Digger (DEEE)                     Turns: 2019, Time: 00:04:29

Health: -3/24      AC:  4    Str:  5    XL:     4   Next: 49%
Magic:  6/10       EV: 12    Int: 22    God:
Gold:   157        SH:  0    Dex: 15    Spells: 5/9 levels left

rFire   . . .        k - staff of conjuration
rCold   . . .        (no shield)
rNeg    . . .        a - +0 robe
rPois   .            f - +0 helmet
rElec   .            (no cloak)
rCorr   .            c - +0 pair of gloves
SInv    .            (no boots)
Will    .....        (no amulet)
Stlth   ++           (no ring)
HPRegen 0.24/turn    (no ring)
MPRegen 0.12/turn

%: no passive effects
@: no status effects
A: no striking features
a: no special abilities


You were on level 3 of the Dungeon.
You visited 1 branch of the dungeon, and saw 3 of its levels.

You collected 157 gold pieces.

Inventory:

Hand Weapons
 d - a +0 short sword
Armour
 a - a +0 robe (worn)
 c - a +0 pair of gloves (worn)
 f - a +0 helmet (worn)
Magical Staves
 k - a staff of conjuration (weapon)
Scrolls
 g - a scroll of teleportation {unknown}
 h - 2 scrolls of fog {unknown}
 i - a scroll of vulnerability {unknown}
 j - a scroll of identify {unknown}
 n - a scroll of acquirement {unknown}
Potions
 b - a potion of magic
 e - a potion of mutation {unknown}
 l - a potion of heal wounds {unknown}
 m - a potion of enlightenment {unknown}
 o - a potion of curing {unknown}


   Skills:
 - Level 2.4 Dodging
 - Level 2.4 Stealth
 - Level 3.0 Spellcasting
 + Level 3.1 Conjurations
 - Level 1.1 Transmutations
 + Level 4.7 Earth Magic


You had 5 spell levels left.
You knew the following spells:

 Your Spells              Type           Power      Damage    Failure   Level
a - Sandblast             Erth           48%        2d12      1%          1
b - Stone Arrow           Conj/Erth      62%        3d10      8%          3

Your spell library contained the following spells:

 Spells                   Type           Power      Damage    Failure   Level
 Magic Dart               Conj           100%       1d8       3%          1
 Passwall                 Tmut/Erth      13%        N/A       5%          2
 Call Imp                 Summ           6%         N/A       19%         2
 Mephitic Cloud           Conj/Pois/Air  11%        N/A       24%         3
 Petrify                  Tmut/Erth      16%        N/A       36%         4


Dungeon Overview and Level Annotations

Branches:
Dungeon (3/15)

Altars:
Okawaru

Annotations:
D:2 1 runed translucent door, exclusion: door, Crazy Yiuf


Message History

Press: ? - help, Shift-Dir - straight line, f - orc wizard
Aim: an orc wizard, wielding a +0 dagger and wearing a +0 robe (79% to hit)
The blast of sand hits the orc wizard.
The orc wizard is lightly wounded.
The orc wizard casts a spell at you. The magic dart hits you.
Casting: Sandblast (safe; 1% risk of failure)
Confirm with . or Enter, or press ? or * to list all spells.
Aiming: Sandblast (safe; 1% risk of failure)
Press: ? - help, Shift-Dir - straight line, f/p - orc wizard
Aim: an orc wizard, wielding a +0 dagger and wearing a +0 robe (lightly wounded, 79% to hit)
The blast of sand hits the orc wizard but does no damage.
The orc wizard is lightly wounded.
The orc wizard points at you and mumbles some strange words.
The puff of flame hits you.
Casting: Sandblast (safe; 1% risk of failure)
Confirm with . or Enter, or press ? or * to list all spells.
Aiming: Sandblast (safe; 1% risk of failure)
Press: ? - help, Shift-Dir - straight line, f/p - orc wizard
Aim: an orc wizard, wielding a +0 dagger and wearing a +0 robe (lightly wounded, 79% to hit)
The blast of sand misses the orc wizard.
The orc wizard hits you with a +0 dagger.
The orc closely misses you.
You barely miss the orc wizard.
The orc wizard is lightly wounded.
The orc wizard gestures at you while chanting.
The puff of flame hits you.
* * * LOW HITPOINT WARNING * * *
The orc barely misses you.
Casting: Sandblast (safe; 1% risk of failure)
Confirm with . or Enter, or press ? or * to list all spells.
Aiming: Sandblast (safe; 1% risk of failure)
Press: ? - help, Shift-Dir - straight line, f/p - orc wizard
Aim: an orc wizard, wielding a +0 dagger and wearing a +0 robe (lightly wounded, 79% to hit)
The blast of sand hits the orc wizard.
The orc wizard is moderately wounded.
The orc wizard hits you with a +0 dagger.
* * * LOW HITPOINT WARNING * * *
The orc hits you with a +0 flail!
You die...

.#.##.#...##....... ...o
.#.#......##...#.#. ..o .#
#.##........... ... ## #.
###...#..#. ##)##.. #.
#...#†...# ...... # #.
#.#.#...########.#..## .#.#
...#..............#... .#.#
..##
#.#...#######..#..##....
######.#.....@o.....#......#
#.............o..#.##..##..#
#.####.#.#.......#.........#
#.# #...........####......#
#.# ##.#####....# #...#..#
#.#####.# #.....###...#..#
#.##....# #..##.##....#..#
#.##....## #....>.........#
#.##.)...####.# #.###.###..#


You could see an orc wizard and an orc.

Vanquished Creatures
  4 adders (D:2)
  A worm (D:3)
  4 dart slugs (D:2)
  An orc (D:3)
  5 bats
  2 giant cockroaches (D:1)
  2 goblins (D:1)
  4 hobgoblins
  6 jackals (D:2)
  3 kobolds
  4 quokkas
  6 ball pythons
  5 frilled lizards
  5 rats
52 creatures vanquished.

Notes
Turn   | Place    | Note
-------+----------+-------------------------------------------
     0 | D:1      | BarneyGumball the Deep Elf Earth Elementalist began the
                  | quest for the Orb.
     0 | D:1      | Reached XP level 1. HP: 10/10 MP: 6/6
   115 | D:1      | Reached skill level 1 in Conjurations
   195 | D:1      | Reached XP level 2. HP: 15/15 MP: 5/8
   833 | D:2      | Reached skill level 4 in Earth Magic
   840 | D:2      | Reached XP level 3. HP: 19/19 MP: 5/9
  1361 | D:2      | Reached XP level 4. HP: 24/24 MP: 7/10
  1594 | D:2      | Found a runed translucent door.
  1595 | D:2      | Noticed Crazy Yiuf
  1800 | D:3      | Learned a level 3 spell: Stone Arrow
  1919 | D:3      | Found an iron altar of Okawaru.
  2019 | D:3      | Slain by an orc

Illustrated notes

Levels and vault maps discovered:
D:1:      grunt_arrival_crossed_arrows, layout_basic
D:2:      minmay_spotlight, layout_basic, kennysheep_generic_room_10,
          uniq_crazy_yiuf_cottage
D:3:      layout_basic, nicolae_overflow_crystal_walls, grunt_decor_one_mirror,
          uniq_robin, uniq_grinder

Skill      XL: |  1  2  3  4 |
---------------+-------------+-----
Conjurations   | 1 2 3 |  3.1
Earth Magic    | 4 |  4.7
Dodging        | |  2.4
Stealth        | |  2.4
Spellcasting   | |  3.0
Transmutations | |  1.1

Action                     |  1- 3 |  4- 6 || total
---------------------------+-------+-------++-------
  Melee: Short sword       |       |     2 ||     2
         Staff             |       |     1 ||     1
   Cast: Sandblast         |    47 |    20 ||    67
 Armour: Robe              |     4 |     8 ||    12
  Dodge: Dodged            |     8 |     3 ||    11

Table legend: (Time is in decaauts)
 A = Elapsed time spent in this place.
 B = Non-inter-level travel time spent in this place.
 C = Inter-level travel time spent in this place.
 D = Time resting spent in this place.
 E = Time spent auto-exploring this place.
 F = Levels seen in this place.
 G = Mean time per level.
                   A        B        C        D        E       F      G
               +--------+--------+--------+--------+--------+-----+--------+
         Total |   2050 |   1975 |     75 |     23 |   1603 |   3 |  683.3 |
       Dungeon |   2050 |   1975 |     75 |     23 |   1603 |   3 |  683.3 |
               +--------+--------+--------+--------+--------+-----+--------+

Top non-repeatable levels by time:
     D:2: 964 daAuts
     D:1: 834 daAuts
     D:3: 252 daAuts
